[Event "Champions Chess Tour ChessKid Cup 2023"]
[Site "Chess.com"]
[Date "2023.05.26"]
[Round "4"]
[White "Caruana, Fabiano"]
[Black "Abdusattorov, Nodirbek"]
[Result "0-1"]
[WhiteElo "2764"]
[BlackElo "2731"]
[ECO "B51"]
[EventDate "2023.??.??"]
[Annotator "rafael"]
[PlyCount "124"]
[Beauty "6254948789257"]
[EventType "team-tourn"]
[TimeControl "900+3"]

1.e4 c5 2.Nf3 Nc6 3.Bb5 d6 {This line has always been one of my favorites, and I played many games with it. It was also played in the decisive fourth game of the match.} 4.O-O Bd7 5.Re1 Nf6 6.c3 a6 7.Ba4 ( 7.Bf1 {is the most popular move and was played in game four.} 7...Bg4 8.h3 ( 8.d4 {is a critical try.} ) 8...Bxf3 9.Qxf3 g6 10.d3 {and Abdusattorov later won, although not because of the opening.} ) 7...b5 8.Bc2 Rc8 {A rare move. Usually, the choice is between 8...Bg4 or 8...e5.} 9.a4 ( 9.d4 $6 {[%c_effect d4;square;d4;type;Inaccuracy;persistent;true] The idea of Black's previous move becomes clear after this:} 9...cxd4 10.cxd4 e5 11.d5 $6 Nb4 12.Bb3 Rxc1 $1 {[%c_effect c1;square;c1;type;GreatFind;persistent;true] This is the point.} 13.Qxc1 Nd3 14.Qe3 Nxe1 15.Qxe1 Be7 {Black has the pair of bishops and an excellent position.} ) 9...g6 10.axb5 axb5 11.d4 cxd4 12.cxd4 Bg4 13.Be3 ( 13.Nc3 {This was played in a critical game that decided the fate of an important tournament in 2004 that some even call a world championship, although I definitely don't agree with that.} 13...b4 $6 {[%c_effect b4;square;b4;type;Inaccuracy;persistent;true] Adams-Kasimdzhanov, Tripoli 2004. Here White can achieve a virtually winning position with 14.d5 $1, for instance:} ( 13...Bg7 {It is better to sacrifice the pawn with this move with some practical compensation after} 14.Nxb5 O-O ) 14.d5 $1 bxc3 15.dxc6 cxb2 ( 15...Rxc6 $2 16.Ba4 ) ( 15...Bg7 16.b4 $1 ) 16.Bxb2 Bg7 17.e5 dxe5 18.Qxd8+ Rxd8 19.c7 Rc8 20.Nxe5 {with a winning initiative.} ) 13...Bg7 14.Nbd2 {Caruana's plan is also good enough for an advantage. White controls the center with the pawns. Isn't this supposed to be good enough to be happy in the opening $2} 14...O-O 15.h3 Bd7 {Better than surrendering the bishop with} ( 15...Bxf3 16.Nxf3 ) 16.d5 {White has other options, and his play in the next moves should be improved since Black manages to equalize.} ( 16.Nb3 ) ( 16.Bb3 ) 16...Nb4 17.Bb1 Ra8 $1 18.Rxa8 Qxa8 19.Bd4 Rc8 20.Nf1 Qa4 $1 {[%c_effect a4;square;a4;type;GreatFind;persistent;true] An excellent move to exchange queens.} 21.Ne3 Qxd1 22.Rxd1 Bh6 $2 {[%c_effect h6;square;h6;type;Mistake;persistent;true] The start of a strange plan. Exchanging the dark-squared bishop for a knight needs a miracle to be good, although miracles sometimes happen.} ( 22...Na6 23.e5 Ne8 {Despite the lack of space, Black is fine.} ) ( 22...Be8 {with the idea of 23...Nd7 is the most natural.} ) 23.g4 Bxe3 $6 ( 23...Bg7 {is objectively better.} ) 24.Bxe3 Nc2 25.Bh6 b4 {In the next moves, White will have many roads to a nearly winning advantage.} 26.e5 ( 26.Nd4 Nxd4 27.Rxd4 {White has the bishop pair and can gradually attack the b-pawn. The position should be winning with precise play.} ) ( 26.Bxc2 $1 {[%c_effect c2;square;c2;type;GreatFind;persistent;true] This is the most accurate. Black's position is very unpleasant after} 26...Rxc2 27.Ra1 {since the pawn cannot be captured:} 27...Nxe4 $2 28.Ra7 Nf6 29.g5 {winning material.} ) 26...dxe5 ( 26...Ne8 {is more stubborn.} ) 27.Nxe5 ( 27.Bxc2 $1 Rxc2 28.Nxe5 {This is winning for White. The dark-squared bishop is too strong.} 28...Bb5 ( 28...Rxb2 29.Ra1 {with a mating attack.} ) 29.Nc6 $1 {[%c_effect c6;square;c6;type;GreatFind;persistent;true] The knight cannot be captured, and the e-pawn falls.} ) 27...Ba4 $1 28.d6 $2 {[%c_effect d6;square;d6;type;Mistake;persistent;true] White misses the last chance to achieve a big advantage.} ( 28.Nc6 $2 {[%c_effect c6;square;c6;type;Mistake;persistent;true] is refuted by} 28...Nxd5 $1 29.Rxd5 Bxc6 ) ( 28.Bxc2 $1 {[%c_effect c2;square;c2;type;GreatFind;persistent;true] is the right way.} 28...Bxc2 ( 28...Rxc2 29.Ra1 {wins.} ) 29.Rd4 b3 30.Nc6 Re8 31.f3 $1 {[%c_effect f3;square;f3;type;GreatFind;persistent;true] A strong move, limiting the movements of Black's knight and preparing the path for centralizing the king. Black's pieces are too passive.} ) 28...Na3 $1 {[%c_effect a3;square;a3;type;GreatFind;persistent;true] Abdusattorov fights with all his creativity in a difficult position.} 29.Rd4 $6 ( 29.Ba2 $1 {[%c_effect a2;square;a2;type;GreatFind;persistent;true] This difficult move still gives some advantage for White.} 29...b3 $1 ( 29...Bxd1 $2 {[%c_effect d1;square;d1;type;Mistake;persistent;true] is bad:} 30.Bxf7+ Kh8 31.Be6 $1 Ra8 32.dxe7 {White's initiative is decisive. During the game, it helps to know that in the worst-case scenario, you always have perpetual check with Nf7+ and so on. But there's even more, for example:} 32...Nc2 33.Nf7+ Kg8 34.Nd8+ Kh8 35.Bg5 Ne8 36.Bf7 {winning.} ) 30.Bxb3 $1 Bxb3 31.Rd3 exd6 32.Rxb3 dxe5 33.bxa3 {White has a passed distant pawn and a strong bishop. Black still has some suffering to achieve a draw.} ) 29...Nxb1 30.dxe7 Ne8 ( 30...Rc7 {is also possible with a messy position. A possible variation is:} 31.Rxb4 Rxe7 32.Rxa4 Rxe5 33.Kf1 {The b1-knight is trapped.} 33...g5 $1 {[%c_effect g5;square;g5;type;GreatFind;persistent;true] But the h6-bishop is also locked.} 34.Rd4 Nd5 ( 34...Rd5 35.Rxd5 Nxd5 36.Bxg5 Nbc3 37.bxc3 Nxc3 {with an easy draw.} ) 35.Rd1 f6 36.Rxb1 Kf7 {with a likely draw.} ) 31.Rxb4 ( 31.Rd8 $2 {[%c_effect d8;square;d8;type;Mistake;persistent;true] leads nowhere since the knight on e8 is protected.} 31...Rc7 ) 31...Bc2 32.Rd4 ( 32.g5 {with the idea of Bf8 and Ng4 should be good enough for a draw.} ) 32...Rc7 33.Rd8 ( 33.g5 Rxe7 34.f4 {The computer evaluates the position as equal. The knight on b1 is out of play, and it's not easy to bring it back.} ) 33...Rxe7 34.Nd7 f5 $1 {[%c_effect f5;square;f5;type;GreatFind;persistent;true] Black is just in time to create some space for the king.} 35.Nf6+ Kf7 36.Nxh7 g5 $1 {[%c_effect g5;square;g5;type;GreatFind;persistent;true] Brilliant tactical play by Abdusattorov. Here Caruana had to find a very difficult move in order to exchange all of Black's pawns.} 37.Bxg5 $2 ( 37.f4 $3 {[%c_effect f4;square;f4;type;Brilliant;persistent;true] The only path for a draw.} 37...fxg4 ( 37...gxf4 38.Bxf4 fxg4 39.Ng5+ Kg6 40.hxg4 ) 38.Nxg5+ Kg6 39.Bf8 $1 Re1+ 40.Kf2 gxh3 $1 41.Nxh3 {Black has no pawns left, and the knight is still stuck on b1: the draw is not difficult.} ( 41.Kxe1 $4 h2 ) ) 37...Re1+ 38.Kh2 ( 38.Kg2 {loses after} 38...fxg4 39.Rd7+ Kg8 40.Nf6+ Nxf6 41.Bxf6 gxh3+ {This capture is made with check; this is an important detail. If} 42.Kxh3 Bf5+ {wins the rook.} ) 38...f4 $1 {[%c_effect f4;square;f4;type;GreatFind;persistent;true] Study-like precision.} ( 38...fxg4 $2 {[%c_effect g4;square;g4;type;Mistake;persistent;true] is no longer enough for a win.} 39.Rd7+ Kg8 40.Nf6+ Nxf6 41.Bxf6 gxh3 {Now this is not a check, and White has time to escape.} 42.Rg7+ Kf8 43.Kxh3 {with a draw.} ) 39.Rd7+ Kg8 40.Bxf4 ( 40.Nf6+ {now loses due to a nice mating net:} 40...Nxf6 41.Bxf6 Be4 {followed by 42...Rh1#.} ) 40...Bxh7 {White still has some drawing chances in this strange endgame. In a club game, this most probably would end in a draw with Black failing to checkmate with a bishop and knight against a lonely king. This, however, is an elite game, and such a failure won't happen.} 41.Kg3 Nf6 42.Rd8+ Kf7 43.Be3 Re2 44.Rb8 Nd2 45.Rb7+ Ke8 46.g5 Nf1+ 47.Kf4 ( 47.Kf3 Rxe3+ $1 48.fxe3 Be4+ 49.Kf4 Bxb7 50.gxf6 Kf7 {All the pawns will fall sooner or later.} ) 47...Nxe3 48.fxe3 Nd7 49.h4 Bg6 {Two pieces against four pawns is not a material imbalance we see every day. Unfortunately for White, not all the pawns are connected: the only brothers are the h- and g-pawns; the other two are distant relatives.} 50.b4 Ke7 51.Ra7 Rb2 52.Rb7 Bh5 53.e4 Ke6 54.Ke3 Rh2 {The harvest begins.} 55.Ra7 Rxh4 56.Ra6+ Ke7 57.Rh6 Rh3+ 58.Kd4 Bg4 59.b5 ( 59.Rxh3 Bxh3 {As a spectator, I'm frustrated this move didn't happen. I always love to see a bishop and knight endgame played to the end.} ) 59...Rb3 60.Kc4 Rb1 61.Rh7+ Kd6 62.Rh6+ Be6+ {The pawns will fall, and with rooks on the board, the win is even easier.} 0-1

[Event "Chess 2023"]
[Site "Chess.com"]
[Date "2023.05.30"]
[Round "1"]
[White "Caruana, Fabiano"]
[Black "Carlsen, Magnus"]
[Result "1-0"]
[WhiteElo "2764"]
[BlackElo "2853"]
[ECO "C11"]
[EventDate "2023.??.??"]
[Annotator "rafael"]
[PlyCount "69"]
[Beauty "8041118317575"]
[EventType "schev"]
[EventRounds "2"]
[EventCountry "NOR"]
[TimeControl "5400+30"]

1.e4 e6 {The French Defense is rarely played by Carlsen in classical games, although he had beaten Karjakin and Ivanchuk with it a long time ago.} 2.d4 d5 3.Nc3 Nf6 4.e5 Nfd7 5.f4 c5 6.Nf3 Nc6 7.Be3 a6 8.Ne2 {Caruana has played this before in a blitz game, so it hardly came as a surprise. It's also the first move of the engine I used.} ( 8.Qd2 {is by far the most popular move.} ) 8...Qb6 9.Qc1 ( 9.Rb1 {was played by Caruana in the mentioned game.} 9...Be7 10.c3 O-O {Caruana-Vachier Lagrave, Chess.com (blitz) 2021.} ) 9...Be7 10.c3 O-O 11.g3 ( 11.h4 {is a typical move in the French and it's my computer's favorite. The rook can join the game through the h3-square.} ) 11...f6 ( 11...a5 $1 {[%c_effect a5;square;a5;type;GreatFind;persistent;true] This move has been tested in correspondence chess and was tried by Nepomniachtchi.} 12.Qc2 ( 12.Bg2 cxd4 13.Nexd4 ( 13.cxd4 Qa6 $1 {[%c_effect a6;square;a6;type;GreatFind;persistent;true] The point of Black's play becomes clear. The queen becomes active and the knight can go to b4.} ) 13...Nc5 {with a playable position for Black.} ) 12...f6 $1 {[%c_effect f6;square;f6;type;GreatFind;persistent;true] with a complicated game.} ( 12...cxd4 $6 13.Nexd4 {was better for White in So-Nepomniachtchi, FTX Crypto Cup 2021.} ) ) 12.Bg2 cxd4 13.cxd4 Qa5+ ( 13...fxe5 {is also possible:} 14.fxe5 Qb5 ( 14...Qa5+ 15.Bd2 $1 ( 15.Kf2 $6 {[%c_effect f2;square;f2;type;Inaccuracy;persistent;true] is bad due to a nice piece sacrifice:} 15...Ndxe5 16.dxe5 Nxe5 {with excellent compensation for the piece in Van Foreest-Werle, Netherlands 2017.} ) ) 15.Qd1 $5 Qxb2 16.O-O {with good compensation for the pawn in Raijmaekers-Terreaux, ICCF email 2020.} ) 14.Nc3 $1 {[%c_effect c3;square;c3;type;GreatFind;persistent;true] A new move.} ( 14.Bd2 Qd8 $2 ( 14...Qb5 {is necessary.} ) 15.O-O {with advantage for White was played in Vallejo Pons-Danielsen, Porto Carras 2011.} ) 14...Nb6 {Carlsen prepares the development of the light-squared bishop.} ( 14...fxe5 {is not enough to solve the problems after the accurate} 15.dxe5 $1 {[%c_effect e5;square;e5;type;GreatFind;persistent;true] This is the best way to capture.} ( 15.fxe5 Nb6 {with a better version of the plan implemented in the game.} ) 15...Bc5 16.Qd2 Qb6 17.Bf2 $1 {[%c_effect f2;square;f2;type;GreatFind;persistent;true] with the advantage for White. This is the type of position that highlights the nightmares of the French Defense: problems with the dark squares and a bad bishop on c8.} ) 15.exf6 $1 {[%c_effect f6;square;f6;type;GreatFind;persistent;true] A capture that changes the pawn structure is always a difficult one to choose.} ( 15.b3 $6 {[%c_effect b3;square;b3;type;Inaccuracy;persistent;true] This is not good with the bishop in the a3-f8 diagonal.} 15...Ba3 $1 16.Qd2 Na7 {Followed by Bd7-Rac8 with a good position.} ) ( 15.O-O {is also possible.} ) 15...Bxf6 ( 15...Rxf6 {is a possible alternative.} 16.O-O Bd7 17.Bf2 Rc8 {with a slightly better position for White.} ) 16.b3 {Now this move is possible.} 16...Bd7 17.O-O Rac8 18.Qd2 ( 18.Qe1 {is an interesting computer suggestion.} 18...Nxd4 19.Bxd4 Bxd4+ 20.Nxd4 Qxc3 21.Nxe6 {with advantage for White after the exchange of queens.} ) 18...Be7 ( 18...Nxd4 $2 {[%c_effect d4;square;d4;type;Mistake;persistent;true] This move doesn't work:} 19.Bxd4 Bxd4+ 20.Qxd4 Rxc3 ( 20...Qxc3 21.Qxb6 ) 21.b4 {winning a piece.} ) 19.Ne2 Qxd2 20.Bxd2 {White has a slightly better endgame. The backward e-pawn is always a concern for Black, but the position is not the end of the world.} 20...Rc7 {The plan is to double rooks on the c-file.} ( 20...Nb4 21.a4 $1 {[%c_effect a4;square;a4;type;GreatFind;persistent;true] Avoiding Bb5.} 21...Rc2 22.Bh3 {with advantage for White.} ) ( 20...Ba3 21.Bh3 Rfe8 {is also a little better for White.} ) 21.Rac1 Rfc8 22.f5 $1 {[%c_effect f5;square;f5;type;GreatFind;persistent;true] A very good move, seizing a tactical chance. The pawn cannot be captured because the c7-rook has no squares.} 22...Ba3 ( 22...exf5 $2 23.Bf4 ) 23.Rce1 Bb4 24.Bxb4 Nxb4 25.fxe6 Bxe6 26.Nf4 Bf5 27.Ne5 {A good and natural human move.} ( 27.Re5 {is the computer suggestion and is probably more accurate.} 27...g6 28.Ng5 h6 29.Nf3 {Black's kingside is weakened. Needless to say, no human plays like this.} ) 27...g6 $1 {[%c_effect g6;square;g6;type;GreatFind;persistent;true] Very good defense by Carlsen. The bishop is protected.} ( 27...Nc2 $2 {[%c_effect c2;square;c2;type;Mistake;persistent;true] is bad:} 28.Bxd5+ $1 ( 28.Nxd5 {gives some drawing chances after} 28...Nxe1 29.Nxc7 Nxg2 30.Rxf5 Rxc7 31.Kxg2 Nd5 ) 28...Nxd5 29.Nxd5 Nxe1 30.Rxf5 Nc2 ( 30...Rc1 $2 31.Ne7+ Kh8 32.Nf7# ) 31.Nxc7 Rxc7 32.d5 Ne3 33.Rf3 $1 Nxd5 34.Rd3 {A study-like position. The knight cannot move.} 34...Rc5 35.b4 $1 Rb5 ( 35...Nxb4 36.Rd8# ) 36.a4 $1 {[%c_effect a4;square;a4;type;GreatFind;persistent;true] winning the knight.} ) 28.g4 Be4 29.Bxe4 dxe4 30.a3 ( 30.Rxe4 Nxa2 {Black is ok.} ) 30...N4d5 ( 30...Nc2 $1 {[%c_effect c2;square;c2;type;GreatFind;persistent;true] is the right path to achieve a draw.} 31.Rxe4 Re7 $1 {[%c_effect e7;square;e7;type;GreatFind;persistent;true] Black is ready to play 32...Nxd4 and the game is close to a draw.} ) 31.Rxe4 Rc3 $2 {[%c_effect c3;square;c3;type;Mistake;persistent;true] A very high-level game is suddenly decided after this mistake.} ( 31...Nxf4 {offers Black good drawing chances after} 32.Rexf4 Nd5 33.R4f3 Rc3 ) 32.Nd7 $3 {[%c_effect d7;square;d7;type;Brilliant;persistent;true] A fantastic move that poses unsolvable problems for Black.} 32...Rxb3 $6 {[%c_effect b3;square;b3;type;Inaccuracy;persistent;true] This loses on the spot, but the situation was already very difficult.} ( 32...Nxd7 $2 {[%c_effect d7;square;d7;type;Mistake;persistent;true] loses to} 33.Nxd5 ) ( 32...Nxf4 33.Nf6+ $1 ( 33.Nxb6 $2 Nh3+ 34.Kg2 Rd8 {with a probable draw.} ) 33...Kg7 34.Rexf4 {with a very difficult endgame for Black.} ) ( 32...Rc1 {Maybe this is the best chance, but White has a winning position with a pawn advantage.} ) 33.Nxd5 Nxd5 34.Re5 $1 Nc3 ( 34...Ne3 35.Nf6+ Kf7 ( 35...Kg7 36.Re7+ Kh6 37.Rxh7+ Kg5 38.h4# ) 36.Rxe3 $1 {[%c_effect e3;square;e3;type;GreatFind;persistent;true] The only winning move.} 36...Rxe3 37.Nd5+ {White wins a piece.} ) 35.Nf6+ ( 35.Nf6+ Kf7 {White has many ways to win. One possibility is:} 36.Nxh7+ Kg7 37.Re7+ Kg8 38.Nf6+ Kf8 39.Rfe1 {with mating threats and a decisive d-pawn that is ready to march.} ) 1-0